 Dungeon Crawl Stone Soup version 0.20.1-1-g8b1a95d (webtiles) character file.

1167 Sandy the Bolt Thrower (level 8, -23/74 HPs)
             Began as a Deep Dwarf Hunter on Sept 3, 2017.
             Was a Believer of Okawaru.
             Annihilated by an ogre
             ... wielding a +0 giant club
              (36 damage)
             ... on level 7 of the Dungeon.
             The game lasted 00:34:58 (4907 turns).

Sandy the Bolt Thrower (Deep Dwarf Hunter)          Turns: 4907, Time: 00:34:58

Health: -23/74     AC:  5    Str: 19    XL:     8   Next: 17%
Magic:  6/6        EV: 12    Int: 12    God:    Okawaru [**....]
Gold:   261        SH:  0    Dex: 15    Spells: 6/7 levels left

rFire    . . .     SeeInvis .   b - +0 dagger (drain)
rCold    . . .     Gourm    .   (no shield)
rNeg     . . .     Faith    .   c - +0 leather armour
rPois    .         Spirit   .   m - +0 helmet
rElec    .         Reflect  .   (no cloak)
rCorr    +         Harm     +   z - +0 pair of gloves
MR       +....                  (no boots)
Stlth    +++.......             A - amulet of harm
Regen    0.0/turn               p - ring of resist corrosion
MPRegen  0.1/turn               M - +3 ring of strength

@: non-regenerating
A: damage resistance, heal wounds, sense surroundings 1, no regeneration
a: Heal Wounds, Heroism, Renounce Religion


You were on level 7 of the Dungeon.
You worshipped Okawaru.
Okawaru was pleased with you.
You were not hungry.

You visited 2 branches of the dungeon, and saw 10 of its levels.

You collected 261 gold pieces.

Inventory:

Hand Weapons
 a - a +2 arbalest
 b - a +0 dagger of draining (weapon)
 l - a +0 hunting sling
 r - a +1 hand crossbow
 D - a +0 blowgun
 H - a +0 short sword
 K - a +0 quarterstaff
 S - a +0 rapier
 T - a +2 hand axe of venom
Missiles
 d - 29 bolts
 e - 122 stones (quivered)
 g - 34 sling bullets
 F - 7 tomahawks
 L - 3 poisoned tomahawks
Armour
 c - a +0 leather armour (worn)
 m - a +0 helmet (worn)
 z - a +0 pair of gloves (worn)
 C - a +2 plate armour of magic resistance
Magical Staves
 n - an uncursed staff of cold
 Q - an uncursed staff of power {unknown}
Jewellery
 p - a ring of resist corrosion (left hand)
 A - an amulet of harm (around neck)
 M - a +3 ring of strength (right hand)
Wands
 j - a wand of digging (10/24)
 y - a wand of confusion (32/48)
 N - a wand of flame (14/48)
Scrolls
 i - 2 scrolls of random uselessness
 k - a scroll of remove curse
 q - 5 scrolls of teleportation
 v - a scroll of enchant armour {unknown}
 x - 5 scrolls of identify
 B - a scroll of summoning {unknown}
Potions
 h - a potion of flight
 s - 2 potions of haste {unknown}
 t - 2 potions of berserk rage {unknown}
 u - 2 potions of curing
 E - 2 potions of heal wounds {unknown}
 G - a potion of brilliance {unknown}
 J - a potion of ambrosia {unknown}
 O - a potion of mutation {unknown}
 P - 2 potions of resistance {unknown}
Books
 o - a book of Cantrips

   Spells                             Type                      Level
   a - Confusing Touch                Hexes                        1
   b - Animate Skeleton               Necromancy                   1
   c - Summon Small Mammal            Summoning                    1
   d - Apportation                    Translocation                1
Comestibles
 f - 3 bread rations
 w - 2 royal jellies
 I - 4 meat rations
 R - 7 chunks of flesh


   Skills:
 - Level 5.0 Fighting
 + Level 7.9 Crossbows
 - Level 2.3 Armour
 - Level 2.1 Dodging
 + Level 6.6 Stealth


You had 6 spell levels left.
You knew the following spells:

 Your Spells              Type           Power        Failure   Level  Hunger
a - Confusing Touch       Hex            #.....       36%         1    ##.....


Dungeon Overview and Level Annotations

Branches:
Dungeon (9/15)             Temple (1/1) D:4
   Lair: D:8-11         Orc: D:9-12

Altars:
Ashenzari
Cheibriados
Dithmenos
Fedhas
Gozag
Kikubaaqudgha
Makhleb
Nemelex Xobeh
Okawaru
Qazlal
Ru
Sif Muna
Trog
Uskayaw
Vehumet
Xom
Zin
The Shining One


Innate Abilities, Weirdness & Mutations

You are resistant to damage.
You can heal yourself by infusing magical energy.
You passively map a small area around you.
You do not regenerate.


Message History

The ogre is severely wounded.
The orc closely misses you.
You sense an unholy aura.
b - a +0 dagger of draining (weapon)
The orc hits you with a flail. The ogre hits you with a giant club.
You completely miss the ogre.
The ogre is severely wounded.
The orc hits you but does no damage.
You hit the ogre but do no damage.
The ogre is severely wounded.
The ogre hits you with a giant club!
* * * LOW HITPOINT WARNING * * *
The orc hits you with a flail.
You hit the ogre but do no damage.
The ogre is severely wounded.
The ogre closely misses you.
You hit the ogre.
The ogre is severely wounded.
The orc barely misses you. The ogre hits you with a giant club!!
You die...

...># , , #.......
....#
,.........o.((.#
###..... ....#
*,...............#
#...... ....#
...............#
#...... ....##
..........(...#
##...... .....#
*#.............#
#....... .....#
#...$....(...#*
#..).... .....##
#......oO...#
#....... ......#
#.....@...#
........ ......##
#....<....#
........ .......##
##.....?.## *
........ ........#
##......# ........
........#
#......## ........
........#
*#.#...## .......
........# .######
......
#.......###.# ,
<... #........#.#
..#


You could see an orc warrior (wandering), an ogre and an orc.

Vanquished Creatures
  3 ogres
  A bullfrog (D:7)
  A scorpion (D:6)
  2 howler monkeys (D:7)
  5 hounds
  A centaur skeleton (D:5)
  A gnoll shaman (D:7)
  2 orc priests (D:6)
  3 orc wizards
  An iguana (D:7)
  4 worker ants
  A hound skeleton (D:7)
  A howler monkey zombie (D:5)
  A worker ant zombie (D:5)
  6 adders
  4 gnolls (D:7)
  A shadow imp (D:8)
  An ooze (D:4)
  An adder skeleton (D:4)
  3 worms
  7 leopard geckos
  14 orcs
  2 ball pythons
  11 bats
  3 giant cockroaches (D:1)
  7 goblins
  5 hobgoblins
  10 jackals
  A quokka (D:4)
  6 frilled lizards
  4 kobolds
  2 leopard gecko skeletons (D:4)
  12 rats
127 creatures vanquished.

Notes
Turn   | Place    | Note
-------+----------+-------------------------------------------
     0 | D:1      | Sandy the Deep Dwarf Hunter began the quest for the Orb.
     0 | D:1      | Reached XP level 1. HP: 19/19 MP: 1/1
   180 | D:2      | Reached XP level 2. HP: 26/26 MP: 2/2
   456 | D:2      | Found a sacrificial altar of Ru.
   783 | D:2      | Reached XP level 3. HP: 17/32 MP: 3/3
   816 | D:2      | Reached skill level 5 in Crossbows
  1251 | D:3      | Reached XP level 4. HP: 27/39 MP: 3/3
  1355 | D:5      | Entered Level 5 of the Dungeon
  1448 | D:4      | Found a staircase to the Ecumenical Temple.
  1458 | Temple   | Entered the Ecumenical Temple
  1518 | Temple   | Became a worshipper of Warmaster Okawaru
  2552 | D:3      | Reached XP level 5. HP: 24/45 MP: 4/4
  2652 | D:3      | Learned a level 1 spell: Confusing Touch
  3080 | D:4      | Reached skill level 1 in Armour
  3373 | D:4      | Noticed an ogre
  3375 | D:4      | Killed an ogre
  3375 | D:4      | Reached * piety under Okawaru
  3375 | D:4      | Reached XP level 6. HP: 26/56 MP: 5/5
  3565 | D:6      | Reached XP level 7. HP: 31/66 MP: 6/6
  3775 | D:5      | You fall through a shaft for 3 floors!
  3781 | D:8      | Found a deep blue altar of Sif Muna.
  3781 | D:8      | Found a bloodstained altar of Trog.
  3892 | D:7      | Reached skill level 5 in Fighting
  3994 | D:7      | Reached skill level 6 in Crossbows
  4000 | D:7      | Reached ** piety under Okawaru
  4177 | D:6      | Reached skill level 7 in Crossbows
  4287 | D:7      | Reached skill level 5 in Stealth
  4331 | D:6      | Found a blossoming altar of Fedhas.
  4726 | D:6      | Reached XP level 8. HP: 17/74 MP: 7/7
  4745 | D:6      | HP: 2/74 [orc priest/divine providence (11)]
  4907 | D:7      | Annihilated by an ogre

Skill      XL: |  1  2  3  4  5  6  7 |
---------------+----------------------+-----
Stealth        | 2 3 4 6 |  6.6
Crossbows      | 5 7 |  7.9
Fighting       | 3 4 5 |  5.0
Armour         | 2 |  2.3
Dodging        | |  2.1

Action                   |  1- 3 |  4- 6 |  7- 9 || total
-------------------------+-------+-------+-------++-------
Melee: Short sword       |    41 |    19 |       ||    60
       Staff             |    81 |    98 |       ||   179
       Dagger            |       |    15 |    94 ||   109
 Fire: Hand crossbow     |     9 |       |       ||     9
       Arbalest          |    23 |    23 |    40 ||    86
Throw: Stone             |    32 |    68 |    13 ||   113
 Cast: Confusing Touch   |       |     1 |       ||     1
 Abil: Heal Wounds       |     1 |       |     2 ||     3
  Use: Scroll            |       |     7 |     1 ||     8
       Potion            |       |       |     1 ||     1
 Stab: Sleeping          |     4 |     7 |     1 ||    12
  Eat: Chunk             |     1 |     8 |     4 ||    13
Armor: Leather armour    |    39 |    52 |    27 ||   118
Dodge: Dodged            |    99 |    93 |    60 ||   252
